cohdb
Replays
Latest Replays
All Replays
Popular Replays
Top Player Replays
Match Explorer
How It Works
Community
CoH3 Stats
Reddit
Sign in to upload your games and track your stats! →
Sign in with Steam
Match 42477452
Unlisted
Match 42477452
Overview
Messages
Build Orders
End
Panzerpioneer Squad
Panzerpioneer Squad
250 Light Carrier
Panzergrenadier Squad
Construct Light Support Kompanie
Fire Support Elements
Flakvierling Half-track
Selects Armored Support Battlegroup
Selects Armored Support Battlegroup
Selects Superior Fire Drills
Panzerjäger Mechanized Group
Assault Grenadier Squad
Selects Flammpanzer III Medium Tank
Flammpanzer III Medium Tank
Flakvierling Half-track
Vehicle Survival Package
2.5-tonne Medical Truck
Flammpanzer III Medium Tank
Flammpanzer III Medium Tank
Selects Command Panzer IV F Medium Tank
Panzerpioneer Squad
Pak 38 Mechanized Group
Selects Salvage Kits
Command Panzer IV F Medium Tank
XuZhongwei
我真是宝宝啊
0
0
Comments
sign in to comment!
No comments posted yet!